 Dungeon Crawl Stone Soup version 0.21-a0-394-gdc75ea7 (webtiles) character file.

26805 KristoblXynda the Thaumaturge (level 13, -1/96 HPs)
             Began as a Yellow Draconian Monk on Oct 18, 2017.
             Was a High Priest of Vehumet.
             Slain by an orc warrior
             ... wielding a +0 glaive
             ... led by an orc high priest
              (14 damage)
             ... on level 2 of the Orcish Mines.
             The game lasted 01:14:04 (23656 turns).

KristoblXynda the Thaumaturge (DrMo)               Turns: 23656, Time: 01:14:05

Health: -1/96      AC: 17    Str: 17    XL:     13   Next: 0%
Magic:  15/26      EV: 15    Int: 15    God:    Vehumet [*****.]
Gold:   1772       SH:  0    Dex: 15    Spells: 14/31 levels left

rFire    . . .     SeeInvis .   j - +3 quick blade (freeze)
rCold    + . .     Gourm    .   (no shield)
rNeg     + + .     Faith    .   (armour unavailable)
rPois    +         Spirit   .   g - +2 hat
rElec    +         Reflect  .   n - +2 cloak
rCorr    +         Harm     .   N - +0 pair of gloves "Hicytri" {rElec}
MR       .....                  h - +2 pair of boots
Stlth    ++++......             w - amulet of magic regeneration (curse)
HPRegen  0.26/turn              s - +5 ring of intelligence
MPRegen  0.45/turn              A - ring "Yskusm" {rN++ Str+2 Int-5 Dex+2 Stlth+}

@: short of breath
A: spit acid, acid resistance, unfitting armour, cold resistance 1, sense
surroundings 1, poison resistance, cold-blooded, subdued magic 1, AC +8
a: Breathe Acid, Renounce Religion


You were on level 2 of the Orcish Mines.
You worshipped Vehumet.
Vehumet was extremely pleased with you.
You were hungry.

You visited 3 branches of the dungeon, and saw 15 of its levels.
You also visited: Ossuary, Bailey and Ice Cave.

You collected 1772 gold pieces.

Inventory:

Hand Weapons
 j - a +3 quick blade of freezing (weapon)
 H - a +3 dagger of venom
 L - the +12 scimitar of Aton {slice, rF+ MP+9 Dex+3}
   (You took it off a goblin in a bailey)

   It inflicts extra damage upon your enemies.
   It affects your dexterity (+3).
   It protects you from fire.
   It affects your magic capacity (+9).
Missiles
 e - a throwing net (quivered)
 o - 13 javelins
Armour
 g - a +2 hat (worn)
 h - a +2 pair of boots (worn)
 n - a +2 cloak (worn)
 K - a +1 shield
 N - the +0 pair of gloves "Hicytri" (worn) {rElec}
   (You acquired it in a bailey)

   It insulates you from electricity.
Jewellery
 s - a +5 ring of intelligence (left hand)
 w - a cursed amulet of magic regeneration (around neck)
 y - an uncursed ring of protection from cold {unknown}
 A - the ring "Yskusm" (right hand) {rN++ Str+2 Int-5 Dex+2 Stlth+}
   (You found it on level 7 of the Dungeon)

   [ring of strength]

   It affects your strength (+2).
   It affects your intelligence (-5).
   It affects your dexterity (+2).
   It greatly protects you from negative energy.
   It makes you more stealthy.
Wands
 d - a wand of paralysis (2/24)
 v - a wand of digging (10/24)
 I - a wand of iceblast (0/15)
Scrolls
 b - 2 scrolls of amnesia
 c - 9 scrolls of teleportation
 i - 6 scrolls of remove curse
 p - a scroll of immolation
 u - a scroll of enchant armour
 B - a scroll of fog
Potions
 f - a potion of experience {unknown}
 k - 4 potions of brilliance
 l - a potion of cancellation
 m - 5 potions of flight
 q - a potion of agility
 t - 2 potions of mutation
 x - 2 potions of magic
 z - a potion of might
 J - a potion of invisibility
 P - a potion of haste {unknown}
 Q - a potion of resistance {unknown}
Miscellaneous
 O - a fan of gales (inert)
Comestibles
 a - a bread ration


   Skills:
 - Level 4.0 Fighting
 - Level 5.8(6.8) Short Blades
 + Level 5.2(6.5) Long Blades
 - Level 3.2 Throwing
 - Level 5.1 Dodging
 - Level 5.0 Stealth
 + Level 6.3 Shields
 - Level 6.3 Unarmed Combat
 + Level 9.6 Spellcasting
 + Level 9.5 Conjurations
 - Level 4.0 Translocations
 - Level 9.0 Evocations


You had 14 spell levels left.
You knew the following spells:

 Your Spells              Type           Power        Failure   Level  Hunger
a - Blink                 Tloc           N/A          2%          2    None
b - Orb of Destruction    Conj           ####......   36%         7    #######
c - Force Lance           Conj/Tloc      ###.....     1%          4    ###....
e - Iskenderun's Mystic   Conj           ####....     1%          4    ###....


Dungeon Overview and Level Annotations

Branches:
Dungeon (11/15)            Temple (0/1) D:7            Lair (2/6) D:10
    Orc (2/2) D:10
  Swamp: Lair:2-4    Shoals: Lair:2-4     Snake: Lair:2-4    Spider: Lair:2-4
    Elf: Orc:2

Altars:
Dithmenos
Elyvilon
Fedhas
Gozag
Ru
Sif Muna
Vehumet
Yredelemnul
The Shining One
Beogh

Annotations:
D:8 Prince Ribbit
Orc:2 Azrael; p0werm0de's ghost, journeyman DECK


Innate Abilities, Weirdness & Mutations

You can spit globs of acid.
You are resistant to acid.
Your golden yellow scales are hard. (AC +8)
You cannot fit into any form of body armour.
You are cold-blooded and may be slowed by cold attacks.
Your flesh is cold resistant. (rC+)
You passively map a small area around you.
Your system is resistant to poisons. (rPois)
Your spells are a little easier to cast, but a little less powerful.


Message History

You kill the orc high priest!
Vehumet accepts your kill.
You feel your power returning.
The soul eater disappears in a puff of smoke!
The ynoxinul disappears in a puff of smoke!
You have reached level 13!
The orc warrior hits you from afar with a glaive!!
* * * LOW HITPOINT WARNING * * *
Unknown command.
Unknown command.
Okay, then.
Casting: Force Lance
Confirm with . or Enter, or press ? or * to list all spells.
Aiming: Force Lance
Press: ? - help, Shift-Dir - straight line, f - orc warrior
Aim: an orc warrior, wielding a glaive and wearing a plate armour The lance of force hits the orc warrior.
The orc warrior is lightly wounded.
The orc warrior hits you with a glaive!
You die...

$.....#....§.......###...........
.§....##...3..#.....#............
.E§...........#..................
#.§.......#####............#.#...
*#.<........# ##..........####...
#...........####..........####..
.§§h.§....................##.#...
....E...............#............
.............§.)@o.####..........
...#..##.#.......§..# #...[)...##
...#### ###........## #...)[.[..#
.... #..#...)#### ##....<####
..## ## #..#))# #....#..# #..#.##
##...#^## #..### ###.### #### #.#
###


You could see an orc warrior.

Vanquished Creatures
  An orc warlord (Bailey)
  A hydra (Lair:1)
  4 two-headed ogres
  An orc high priest (Orc:2)
  A skeletal warrior (D:11)
  2 unseen horrors
  Pikel (D:7)
  A cyclops (D:11)
  An orc sorcerer (Orc:2)
  Joseph (D:8)
  2 spiny frogs (Lair:1)
  A yaktaur (D:8)
  7 ice devils (IceCv)
  A rime drake (Lair:1)
  A kobold demonologist (D:11)
  5 trolls
  4 blink frogs (Lair:1)
  Grinder (D:6)
  A hornet (D:10)
  3 hippogriffs
  7 yaks
  A hungry ghost (D:8)
  A fire elemental (Orc:2)
  Menkaure (D:7)
  A steam dragon (D:9)
  A warg (Orc:1)
  Duvessa (D:6)
  A hell hound (Orc:2)
  6 porcupines
  6 water moccasins
  2 ice beasts
  30 orc warriors
  11 ogres
  6 black bears
  2 sky beasts
  3 necrophages
  2 phantoms (D:6)
  5 centaurs
  3 crocodiles
  6 bullfrogs
  An elf zombie (Ossuary)
  A big kobold (D:9)
  Dowan (D:6)
  5 scorpions
  10 wights
  A vampire bat (D:4)
  4 howler monkeys
  3 crimson imps
  A centaur zombie (D:11)
  5 jellies
  2 human zombies (Ossuary)
  6 hounds
  Crazy Yiuf (D:3)
  14 orc wizards
  A gnoll shaman (D:5)
  10 orc priests
  A bullfrog skeleton (D:9)
  3 centaur skeletons
  Natasha (twice) (D:3)
  9 worker ants
  4 mummies (Ossuary)
  A howler monkey skeleton (D:4)
  3 worker ant zombies
  19 gnolls
  16 adders
  A shadow imp (D:5)
  7 white imps (IceCv)
  10 ufetubi (IceCv)
  7 oozes
  4 adder zombies
  2 adder skeletons
  2 worms (D:2)
  2 dart slugs
  3 fire bats (D:4)
  4 leopard geckos
  52 orcs
  2 spectral bats (D:4)
  18 bats
  3 bat skeletons (D:4)
  A bat zombie (D:4)
  6 giant cockroaches
  30 goblins
  25 hobgoblins
  A jackal (D:7)
  4 quokkas
  A ball python (D:4)
  A bat simulacrum (D:4)
  6 frilled lizards
  2 gnoll zombies (Ossuary)
  A goblin zombie (Ossuary)
  A hobgoblin zombie (Ossuary)
  A jackal zombie (D:6)
  14 kobolds
  2 kobold zombies (Ossuary)
  A leopard gecko skeleton (D:4)
  An orc zombie (Ossuary)
  A quokka zombie (D:8)
  10 rats
  A rat zombie (Ossuary)
487 creatures vanquished.

Vanquished Creatures (others)
  A reaper (IceCv)
  A warg (Orc:2)
  A slave (D:7)
  An orc wizard (D:7)
  A worker ant (D:7)
  2 adders (D:7)
  4 white imps (IceCv)
  An ufetubus (IceCv)
  17 fungi
  3 plants
32 creatures vanquished.

Grand Total: 519 creatures vanquished

Notes
Turn   | Place    | Note
-------+----------+-------------------------------------------
     0 | D:1      | KristoblXynda the Draconian Monk began the quest for the Orb.
     0 | D:1      | Reached XP level 1. HP: 19/19 MP: 1/1
   142 | D:1      | Reached XP level 2. HP: 26/26 MP: 2/2
   349 | D:1      | Reached XP level 3. HP: 4/31 MP: 3/3
  1418 | D:2      | Reached XP level 4. HP: 21/38 MP: 4/4
  1696 | D:3      | Found a shadowy altar of Dithmenos.
  2010 | D:3      | Noticed Natasha
  2020 | D:3      | Killed Natasha
  2020 | D:3      | Reached XP level 5. HP: 23/45 MP: 5/5
  2256 | D:3      | Noticed Natasha
  2267 | D:3      | Killed Natasha
  2809 | D:3      | Found a runed door.
  2813 | D:3      | Noticed Crazy Yiuf
  2826 | D:3      | HP: 2/45 [poisoned by Crazy Yiuf]
  2830 | D:3      | Killed Crazy Yiuf
  3243 | D:4      | Reached XP level 6. HP: 35/51 MP: 6/6
  3375 | D:4      | Reached skill level 5 in Unarmed Combat
  3602 | D:4      | Found a glowing golden altar of the Shining One.
  3602 | D:4      | Found an opulent altar of Gozag.
  3647 | D:4      | Your scales start taking on a golden yellow colour.
  3647 | D:4      | Reached XP level 7. HP: 57/57 MP: 7/7
  3999 | D:4      | Reached skill level 5 in Dodging
  4433 | D:4      | Reached skill level 5 in Stealth
  4442 | D:4      | Learned a level 2 spell: Blink
  4481 | D:5      | Entered Level 5 of the Dungeon
  4487 | D:5      | Reached skill level 1 in Evocations
  4505 | D:4      | Reached skill level 1 in Translocations
  4790 | D:5      | Reached skill level 1 in Spellcasting
  4983 | D:5      | Reached XP level 8. HP: 37/63 MP: 10/10
  5314 | D:5      | Found a deep blue altar of Sif Muna.
  5670 | D:5      | Found a white marble altar of Elyvilon.
  5728 | D:5      | Found a basalt altar of Yredelemnul.
  5965 | D:6      | Found a radiant altar of Vehumet.
  6003 | D:6      | Noticed Grinder
  6009 | D:6      | Reached skill level 1 in Short Blades
  6015 | D:6      | Killed Grinder
  6016 | D:6      | Found a blossoming altar of Fedhas.
  6028 | D:6      | Became a worshipper of Vehumet
  6028 | D:6      | Reached * piety under Vehumet
  6028 | D:6      | Offered knowledge of Shock by Vehumet.
  6028 | D:6      | Reached ** piety under Vehumet
  6031 | D:6      | Learned a level 1 spell: Shock
  6112 | D:6      | Noticed Duvessa
  6117 | D:6      | Noticed Dowan
  6133 | D:6      | Killed Duvessa
  6144 | D:6      | Killed Dowan
  6390 | D:6      | Reached XP level 9. HP: 70/70 MP: 14/14
  6474 | D:6      | Offered knowledge of Sandblast by Vehumet.
  6656 | D:6      | Reached skill level 1 in Conjurations
  7341 | D:7      | Noticed Menkaure
  7346 | D:7      | Killed Menkaure
  7402 | D:7      | Found a sand-covered staircase.
  7407 | Ossuary  | Entered an ossuary
  7934 | D:7      | Found a staircase to the Ecumenical Temple.
  8057 | D:7      | Found a sacrificial altar of Ru.
  8125 | D:7      | Noticed Pikel
  8149 | D:7      | Killed Pikel
  8149 | D:7      | Reached skill level 5 in Evocations
  8194 | D:7      | Learned a level 4 spell: Force Lance
  8297 | D:7      | Offered knowledge of Ignite Poison by Vehumet.
  8314 | D:7      | Reached skill level 5 in Spellcasting
  8640 | D:7      | Reached XP level 10. HP: 36/77 MP: 17/17
  8885 | D:7      | Reached *** piety under Vehumet
  8897 | D:7      | Noticed a death knight
  8927 | D:7      | Got a clouded wooden ring
  8929 | D:7      | Identified the ring "Yskusm" {rN++ Str+2 Int-5 Dex+2 Stlth+} (You found it on level 7 of the Dungeon)
  9790 | D:7      | Reached skill level 5 in Short Blades
  9904 | D:7      | Got a translucent chain mail
  9909 | D:7      | Found the +3 robe of Clouds {+Fly rElec}
 10172 | D:8      | Noticed a two-headed ogre
 10183 | D:8      | Killed a two-headed ogre
 10275 | D:8      | Noticed a two-headed ogre
 10308 | D:8      | Killed a two-headed ogre
 10308 | D:8      | Reached skill level 5 in Conjurations
 10367 | D:8      | Noticed a two-headed ogre
 10427 | D:8      | Killed a two-headed ogre
 11342 | D:8      | Noticed Prince Ribbit
 11387 | D:8      | Offered knowledge of Stone Arrow by Vehumet.
 11742 | D:8      | Noticed Joseph
 11816 | D:8      | Killed Joseph
 11816 | D:8      | Reached skill level 1 in Throwing
 11885 | D:8      | Reached XP level 11. HP: 40/83 MP: 21/21
 12128 | D:9      | Found a flagged portal.
 12141 | D:9      | Reached **** piety under Vehumet
 12145 | Bailey   | Entered a bailey
 12434 | Bailey   | Offered knowledge of Olgreb's Toxic Radiance by Vehumet.
 12821 | Bailey   | Noticed an orc warlord
 13146 | Bailey   | Reached ***** piety under Vehumet
 13563 | Bailey   | Killed an orc warlord
 13760 | Bailey   | Got an ivory scimitar {slice}
 13841 | Bailey   | Identified a scroll of acquirement
 13844 | Bailey   | Got a pair of polished gloves
 13856 | Bailey   | Identified the +0 pair of gloves "Hicytri" {rElec} (You acquired it in a bailey)
 13978 | D:9      | Offered knowledge of Poison Arrow by Vehumet.
 14023 | D:9      | Gained mutation: Your flesh is cold resistant. (rC+) [mutagenic meat]
 14025 | D:9      | Gained mutation: You passively map a small area around you. [mutagenic meat]
 14026 | D:9      | Gained mutation: Your spells are a little easier to cast, but a little less powerful. [mutagenic meat]
 14027 | D:9      | Gained mutation: Your system is resistant to poisons. (rPois) [mutagenic meat]
 14524 | D:9      | Found a deep blue altar of Sif Muna.
 14527 | D:9      | Reached skill level 1 in Shields
 14699 | D:10     | Entered Level 10 of the Dungeon
 14900 | D:10     | Found a staircase to the Orcish Mines.
 14911 | D:10     | Identified the +12 scimitar of Aton {slice, rF+ MP+9 Dex+3} (You took it off a goblin in a bailey)
 14962 | D:10     | Found a staircase to the Lair.
 15823 | Lair:1   | Entered Level 1 of the Lair of Beasts
 15953 | Lair:1   | Found a frozen archway.
 15962 | IceCv    | Entered an ice cave
 16418 | IceCv    | Killed a reaper
 16555 | IceCv    | HP: 4/84 [ice beast[an ice statue] (3)]
 17144 | IceCv    | Reached XP level 12. HP: 70/91 MP: 24/24
 17187 | IceCv    | Reached skill level 1 in Long Blades
 17577 | IceCv    | Offered knowledge of Spellforged Servitor by Vehumet.
 17586 | IceCv    | Learned a level 7 spell: Spellforged Servitor
 17593 | IceCv    | Found the cursed +14 obsidian axe {chop, +Fly SInv *Curse}
 18767 | Lair:1   | Noticed a four-headed hydra
 18888 | Lair:1   | Killed a four-headed hydra
 19373 | Lair:1   | Learned a level 4 spell: Iskenderun's Mystic Blast
 20288 | Lair:2   | Noticed an eight-headed hydra
 20405 | D:10     | Noticed a two-headed ogre
 20409 | D:10     | Reached skill level 5 in Shields
 20418 | D:10     | Killed a two-headed ogre
 21725 | Orc:1    | Entered Level 1 of the Orcish Mines
 21887 | Orc:2    | Entered Level 2 of the Orcish Mines
 22236 | Orc:2    | Noticed an orc high priest
 22738 | Orc:1    | Found a roughly hewn altar of Beogh.
 22767 | Orc:1    | Reached skill level 5 in Long Blades
 22948 | Orc:2    | Noticed Azrael
 22971 | Orc:2    | Offered knowledge of Orb of Destruction by Vehumet.
 22982 | Orc:1    | Learned a level 7 spell: Orb of Destruction
 23120 | Orc:2    | Noticed p0werm0de's ghost (journeyman DECK)
 23654 | Orc:2    | Killed an orc high priest
 23654 | Orc:2    | Reached XP level 13. HP: 31/96 MP: 18/26
 23656 | Orc:2    | Slain by an orc warrior

Vault maps used:
D:1:      erik_arrival_cave_to_civilisation
D:3:      grunt_dithmenos_smoke, uniq_natasha, uniq_crazy_yiuf_cottage
D:4:      amethyst_overflow_temple_binary, goddamned_bats
D:5:      kennysheep_ying_yang, lemuel_blue_sif_altar, first_bread,
          grunt_decor_cap, minmay_misc_feat_four_crosses
D:6:      grunt_temple_overflow_open, kennysheep_cluttered_room,
          minmay_stone_trees_small, uniq_duvessa, uniq_grinder
D:7:      minmay_the_grid_octo_tiled_octocenter,
          nicolae_ru_great_annihilating_truth, temple_doors_ab,
          nicolae_ossuary_entry_false_entrances, uniq_menkaure, uniq_pikel
D:8:      minmay_misc_feat_hallway, hangedman_little_slice_of_home,
          kennysheep_just_a_vault, uniq_joseph, uniq_prince_ribbit1
D:9:      kennysheep_orc_sif_temple, enter_bailey_3
D:10:     due_lair_maze_entry_diamond, david_orc_4
D:11:     regret_index_bee_streams
Lair:1:   portal_ice_cave_entry_pillars_2
Orc:1:    basic_altar
Orc:2:    grunt_orc_tribal_feast, uniq_azrael
Ossuary:  ossuary_minmay_tomb_2a
Bailey:   bailey_axe_minmay_hex_keep, bailey
IceCv:    ice_cave_small_demon

Skill      XL: |  1  2  3  4  5  6  7  8  9 10 11 12 |
---------------+-------------------------------------+-----
Stealth        | 2 3 4 5 |  5.0
Dodging        | 3 4 5 |  5.1
Unarmed Combat | 4 5 6 |  6.3
Evocations     | 2 4 5 7 9 |  9.0
Translocations | 1 3 4 |  4.0
Spellcasting   | 1 3 5 6 8 9 |  9.6
Short Blades   | 2 4 5 |  5.8
Conjurations   | 3 6 7 9 |  9.5
Fighting       | 4 |  4.0
Throwing       | 1 3 |  3.2
Shields        | 3 6 |  6.3
Long Blades    | 5 |  5.2

Action                   |  1- 3 |  4- 6 |  7- 9 | 10-12 | 13-15 || total
-------------------------+-------+-------+-------+-------+-------++-------
Melee: Unarmed           |    43 |       |       |       |       ||    43
       Tailslap          |    13 |    22 |    71 |   229 |       ||   335
       Dagger            |    66 |   182 |   541 |   925 |       ||  1714
       Punch             |       |     5 |    11 |    52 |       ||    68
       Quarterstaff      |       |    16 |       |       |       ||    16
       Quick blade       |       |       |       |   403 |       ||   403
Throw: Tomahawk          |     5 |     6 |       |       |       ||    11
 Cast: Force Lance       |       |       |       |    80 |     1 ||    81
       Shock             |       |       |       |    11 |       ||    11
       Iskenderun's Myst |       |       |       |    29 |       ||    29
       Blink             |       |       |       |     1 |       ||     1
 Abil: Breathe Acid      |       |       |    23 |    41 |       ||    64
Evoke: Wand              |       |       |     9 |    47 |       ||    56
       Fan of gales      |       |       |       |     2 |       ||     2
  Use: Potion            |       |     4 |       |    12 |       ||    16
       Scroll            |       |    11 |     9 |    22 |       ||    42
 Stab: Sleeping          |     2 |     2 |     8 |    19 |       ||    31
       Paralysed         |       |       |     3 |    19 |       ||    22
       Confused          |       |       |       |     9 |       ||     9
       Distracted        |       |       |       |     3 |       ||     3
  Eat: Chunk             |     2 |     3 |     7 |    38 |       ||    50
       Fruit             |       |     2 |       |     3 |       ||     5
       Royal jelly       |       |     1 |     2 |    11 |       ||    14
       Meat ration       |       |       |     1 |       |       ||     1
       Bread ration      |       |       |     1 |     3 |       ||     4
Armor: Skin              |    45 |   102 |   222 |   511 |       ||   880
Dodge: Dodged            |    81 |   210 |   469 |   937 |       ||  1697

Table legend:
 A = Spawn XP
 B = Non-spawn XP
 C = Spawn XP percentage of total XP
 D = Spawn monster count
 E = Non-spawn monster count
 F = Spawn count percentage of total count
 G = Total turns spent on level
                    A         B        C        D         E        F      G
               +---------+---------+-------+---------+---------+-------+---------
         Total |       0 |   38293 |   0.0 |       0 |     487 |   0.0 | 23656
               +---------+---------+-------+---------+---------+-------+---------
           D:1 |       0 |      57 |   0.0 |       0 |      27 |   0.0 |   968
           D:2 |       0 |      65 |   0.0 |       0 |      18 |   0.0 |   663
           D:3 |       0 |     250 |   0.0 |       0 |      30 |   0.0 |  1586
           D:4 |       0 |     684 |   0.0 |       0 |      41 |   0.0 |  1545
           D:5 |       0 |     772 |   0.0 |       0 |      17 |   0.0 |  1066
           D:6 |       0 |    1379 |   0.0 |       0 |      18 |   0.0 |  1495
           D:7 |       0 |    2670 |   0.0 |       0 |      30 |   0.0 |  2319
           D:8 |       0 |    4965 |   0.0 |       0 |      34 |   0.0 |  1848
           D:9 |       0 |    1443 |   0.0 |       0 |      38 |   0.0 |   984
          D:10 |       0 |    6122 |   0.0 |       0 |      53 |   0.0 |  1698
          D:11 |       0 |    3276 |   0.0 |       0 |      10 |   0.0 |   774
        Lair:1 |       0 |    5656 |   0.0 |       0 |      24 |   0.0 |  2624
        Lair:2 |       0 |     107 |   0.0 |       0 |       1 |   0.0 |    69
         Orc:1 |       0 |     847 |   0.0 |       0 |      16 |   0.0 |  1214
         Orc:2 |       0 |    3151 |   0.0 |       0 |      21 |   0.0 |   717
       Ossuary |       0 |     271 |   0.0 |       0 |      16 |   0.0 |   501
        Bailey |       0 |    4052 |   0.0 |       0 |      69 |   0.0 |  1724
         IceCv |       0 |    2526 |   0.0 |       0 |      24 |   0.0 |  1861
               +---------+---------+-------+---------+---------+-------+---------
